Map: Persephone LE

Players

VITmaru (Maru)

  • Race: Terran Terran
  • Spawn Location: 11:00

herO - Winner!

  • Race: Protoss Protoss
  • Spawn Location: 7:00

Event: DreamHack Dallas 2025

VOD

Have the link to the VOD?

Description

Time

  • Played on: May 25, 2025, 10:46 a.m.
  • Length: 8:32

All games in this series

Show
View Real Time Build Order
Export as new Build Order

VITmaru Terran 

Build Orders: Cyclone Opening 

Get SALT Encoding   

  12  0:00  SCV  
  13  0:12  SCV  
  14  0:17  Supply Depot  
  14  0:24  SCV  
  15  0:39  SCV  
  15  0:40  Barracks  
  16  0:43  Refinery  
  16  0:51  SCV  
  16  0:53  Refinery  
  17  1:03  SCV  
  18  1:15  SCV  
  19  1:27  Reaper  
  19  1:28  Orbital Command  
  20  1:41  Factory  
  20  1:50  Supply Depot  
  20  1:53  SCV  
  21  2:00  Barracks Tech Lab  
  21  2:05  SCV  
  22  2:17  Command Center, SCV  
  24  2:30  SCV  
  24  2:32  Cyclone  
  26  2:40  Starport  
  26  2:42  SCV  
  26  2:43  Barracks Tech Lab  
  27  2:48  Supply Depot  
  27  2:54  SCV  
  28  3:04  Widow Mine  
  30  3:06  SCV  
  30  3:07  Barracks Reactor  
  31  3:18  SCV  
  32  3:24  Medivac  
  32  3:25  Widow Mine  
  36  3:30  SCV  
  36  3:31  Orbital Command  
  37  3:36  Barracks  
  37  3:42  SCV  
  37  3:43  Marine x2  
  37  3:46  Siege Tank  
  43  3:54  SCV  
  44  4:00  Supply Depot, SCV  
  44  4:02  Banshee  
  48  4:05  Marine  
  48  4:06  Marine, SCV  
  51  4:12  SCV  
  52  4:17  Barracks  
  52  4:19  SCV  
  52  4:23  Marine  
  54  4:25  Siege Tank  
  54  4:26  SCV  
  54  4:30  Marine x2  
  60  4:34  SCV  
  59  4:40  SCV  
  59  4:42  Supply Depot  
  60  4:47  SCV  
  60  4:50  Refinery, Engineering Bay  
  61  4:54  SCV  
  61  4:55  Supply Depot  
  61  4:56  Marine x2  
  61  4:57  Raven  
  61  4:58  Marine  
  67  5:06  Barracks Tech Lab  
  67  5:09  SCV x2  
  69  5:14  Marine  
  69  5:16  Terran Infantry Weapons Level 1  
  69  5:21  SCV x2  
  69  5:23  Marine x2  
  71  5:30  Stimpack  
  71  5:32  Marine  
  71  5:33  SCV x2  
  74  5:35  Supply Depot  
  74  5:39  Marine  
  74  5:41  Marine  
  77  5:47  Barracks  
  77  5:48  Barracks  
  76  5:50  Marine  
  76  5:51  Marine, Siege Tank  
  76  5:54  Combat Shield  
  81  5:57  Marine  
  81  5:59  Refinery  
  82  6:04  Marine  
  82  6:05  Supply Depot  
  82  6:07  Medivac  
  87  6:11  Marauder  
  87  6:13  Marine  
  87  6:16  Marauder  
  87  6:17  Supply Depot  
  90  6:22  Marine  
  91  6:27  Siege Tank  
  91  6:31  Marine  
  95  6:35  Marine  
  95  6:36  Marine  
  95  6:37  Medivac  
  95  6:38  Marine x2  
  101  6:40  Marine  
  101  6:41  Supply Depot  
  102  6:49  Marine  
  102  6:53  Marine x2  
  105  6:57  Marauder x2, Marine  
  105  6:58  Supply Depot  
  110  7:07  Marine  
  110  7:08  Siege Tank  
  113  7:10  Concussive Shells  
  113  7:11  Marine x2  
  113  7:13  Medivac  
  117  7:15  Marine  
  117  7:20  Marauder x2  
  122  7:25  Marine  
  122  7:29  Marine x2  
  125  7:33  Marine  
  122  7:41  Marine x2  
  122  7:42  Marine  
  114  7:47  Marine x2  
  114  7:48  Medivac  
  114  7:51  Marine  
  105  7:59  Marauder  
  81  8:08  Marine  
  81  8:09  Marauder  
Show
View Real Time Build Order
Export as new Build Order

herO Protoss - Winner!

Build Orders: 1 Gate Expand, Phoenix Opening, Blink Stalkers, Colossus Rush 

Get SALT Encoding   

  12  0:00  Probe  
  13  0:12  Probe  
  14  0:16  Pylon  
  14  0:22  Probe  
  15  0:30  Probe  
  16  0:36  Gateway  
  16  0:39  Probe  
  16  0:47  Assimilator  
  17  0:50  Probe  
  18  1:03  Probe  
  19  1:15  Probe  
  20  1:20  Nexus  
  20  1:29  Cybernetics Core  
  20  1:33  Probe  
  20  1:39  Assimilator  
  21  1:45  Probe  
  22  1:48  Pylon  
  22  1:54  Stalker  
  22  1:57  Probe  
  23  2:05  Warp Gate  
  25  2:09  Probe  
  26  2:21  Probe  
  26  2:22  Stalker  
  29  2:30  Probe  
  29  2:31  Probe  
  29  2:36  Twilight Council  
  31  2:38  Probe  
  31  2:39  Probe  
  33  2:47  Probe x2  
  33  2:50  Phoenix  
  35  2:51  Sentry  
  37  2:59  Probe  
  37  3:00  Gateway, Probe  
  37  3:05  Blink  
  39  3:09  Gateway  
  39  3:18  Probe  
  39  3:19  Probe  
  43  3:28  Pylon  
  43  3:31  Phoenix, Probe x2  
  45  3:39  Robotics Facility  
  43  3:43  Probe x2  
  45  3:51  Nexus  
  45  3:54  Pylon  
  45  3:58  Probe  
  45  3:59  Probe  
  45  4:02  Stalker  
  49  4:05  Assimilator  
  49  4:08  Stalker  
  51  4:12  Probe x2  
  53  4:18  Stalker  
  53  4:24  Probe x2  
  56  4:26  Phoenix  
  56  4:27  Pylon  
  57  4:39  Probe x2  
  57  4:40  Observer  
  57  4:41  Shield Battery  
  60  4:48  Robotics Bay  
  60  4:50  Shield Battery  
  60  4:51  Probe x2  
  62  4:56  Stalker x2  
  66  5:01  Stalker  
  66  5:05  Immortal  
  66  5:06  Probe x2  
  71  5:07  Probe  
  71  5:13  Observer  
  75  5:19  Probe x2  
  75  5:20  Probe  
  78  5:21  Stalker  
  78  5:24  Zealot  
  78  5:25  Zealot  
  84  5:29  Pylon  
  84  5:33  Probe  
  85  5:37  Forge, Assimilator  
  85  5:40  Phoenix  
  85  5:43  Pylon  
  85  5:46  Pylon  
  85  5:47  Probe x3  
  85  5:48  Colossus  
  88  5:50  Protoss Ground Weapons Level 1  
  88  5:59  Probe x3  
  88  6:01  Extended Thermal Lance  
  96  6:10  Gateway  
  96  6:11  Gateway  
  96  6:13  Charge  
  96  6:14  Zealot x2  
  100  6:18  Pylon  
  100  6:19  Zealot  
  100  6:23  Gateway  
  102  6:30  Colossus  
  102  6:31  Gateway  
  102  6:32  Gateway  
  102  6:39  Zealot x2  
  106  6:44  Shield Battery  
  112  6:49  Gateway, Pylon  
  112  6:51  Sentry  
  114  6:54  Gateway  
  114  6:57  Pylon  
  114  7:00  Pylon  
  114  7:04  Forge  
  114  7:09  Stalker  
  114  7:10  Stalker  
  114  7:14  Zealot x2  
  122  7:21  Colossus, Pylon  
  122  7:23  Pylon  
  128  7:30  Zealot  
  128  7:32  Zealot x3  
  136  7:38  Zealot x2  
  136  7:51  Zealot x4  
  102  8:06  Zealot x5  
  102  8:11  Zealot x2  
  102  8:12  Zealot x2  
  108  8:21  Zealot  
Tags
 
Add a new tag
Caveats
  • Supply blocks, unpowered buildings, or Contaminate may cause inaccurate times.
  • Supply counts are checked every 10 seconds.